TOP OF THE 1ST |
Vermont Lake Monsters batting - Pitching for Lowell Spinners : RHP Frank Picaso
|
Pitching: RHP Frank Picaso
|
|
Batting: RHB Ricardo Mariscal
|
0-0: Ball 1-0: Foul Ball, location: 2F 1-1: Called Strike 1-2: Strikes out swinging
|
Batting: RHB Carlos Martinez
|
0-0: Ball 1-0: Foul Ball, location: 2F 1-1: Fly out, F9 (Flyball, 9S, EV 87.5 MPH)
|
Batting: LHB Henry Hutson
|
0-0: Swinging Strike 0-1: Ball 1-1: Foul Ball, location: 2F 1-2: Strikes out swinging
|
Top of the 1st over - 0 runs, 0 hits, 0 errors, 0 left on base; Vermont 0 - Lowell 0 |
BOTTOM OF THE 1ST |
Lowell Spinners batting - Pitching for Vermont Lake Monsters : RHP Aaron Vallejo
|
Pitching: RHP Aaron Vallejo
|
|
Batting: LHB Nelis Geurts
|
0-0: Called Strike 0-1: Ball 1-1: Ground out 3-1 (Groundball, 34, EV 110.0 MPH)
|
Batting: RHB Jose Conde
|
0-0: Ball 1-0: Called Strike 1-1: Ball 2-1: Swinging Strike 2-2: Foul Ball, location: 2F 2-2: Strikes out swinging
|
Batting: LHB Jarrett Mordecai
|
0-0: Ball 1-0: Ball 2-0: Swinging Strike 2-1: Ball 3-1: Foul Ball, location: 2F 3-2: Foul Ball, location: 2F 3-2: DOUBLE (Line Drive, 7LM, EV 94.4 MPH)
|
Batting: RHB Guillermo Quintero
|
0-0: Called Strike 0-1: Fly out, F9 (Flyball, 89S, EV 93.8 MPH)
|
Bottom of the 1st over - 0 runs, 1 hit, 0 errors, 1 left on base; Vermont 0 - Lowell 0 |
TOP OF THE 2ND |
Vermont Lake Monsters batting - Pitching for Lowell Spinners : RHP Frank Picaso
|
Batting: LHB Cy Ostrowski
|
0-0: Ball 1-0: SINGLE (Groundball, 3S, EV 96.2 MPH)
|
Batting: LHB Jose Zamarripa
|
0-0: Grounds into double play, 4-6-3 (Groundball, 4, EV 103.1 MPH)
|
Batting: LHB Youp van Erp
|
0-0: Called Strike 0-1: Fly out, F3 (Popup, 3F, EV 65.6 MPH)
|
Top of the 2nd over - 0 runs, 1 hit, 0 errors, 0 left on base; Vermont 0 - Lowell 0 |
BOTTOM OF THE 2ND |
Lowell Spinners batting - Pitching for Vermont Lake Monsters : RHP Aaron Vallejo
|
Batting: LHB Noel Young
|
0-0: Foul Ball, location: 2F 0-1: SINGLE (Flyball, 4MD, EV 97.5 MPH)
|
Batting: RHB Joel Vazquez
|
0-0: Ball 1-0: Ball 2-0: Ball 3-0: Called Strike 3-1: Base on Balls Noel Young to second
|
Batting: RHB Tommy Boudreaux
|
0-0: Fielders Choice at 2nd, 1-4 (Groundball, 15S, EV 69.4 MPH) Noel Young to third
|
Batting: RHB Josh Helman
|
0-0: Ball 1-0: Ball 2-0: Called Strike 2-1: Called Strike Tommy Boudreaux is caught stealing 2nd base 2-4 2-2: SINGLE (Groundball, 6D, EV 102.5 MPH) Noel Young scores
|
Batting: RHB Bobby Schimke
|
0-0: Foul Ball, location: 2F 0-1: Called Strike 0-2: Ball 1-2: Foul Ball, location: 2F 1-2: TRIPLE (Line Drive, 78XD, EV 101.2 MPH) Josh Helman scores
|
Batting: LHB Nelis Geurts
|
0-0: Foul Ball, location: 2F 0-1: Ball 1-1: Foul Ball, location: 2F 1-2: SINGLE (Groundball, 4M, EV 98.1 MPH) (infield hit) Bobby Schimke scores
|
Batting: RHB Jose Conde
|
0-0: Ball 1-0: SINGLE (Groundball, 6MD, EV 99.4 MPH) Nelis Geurts to second
|
Batting: LHB Jarrett Mordecai
|
0-0: Ball 1-0: Ball 2-0: Ball 3-0: Called Strike 3-1: Swinging Strike 3-2: Strikes out swinging
|
Bottom of the 2nd over - 3 runs, 5 hits, 0 errors, 2 left on base; Vermont 0 - Lowell 3 |
TOP OF THE 3RD |
Vermont Lake Monsters batting - Pitching for Lowell Spinners : RHP Frank Picaso
|
Batting: LHB Mario Cardona
|
0-0: Foul Ball, location: 2F 0-1: Ball 1-1: Ball 2-1: Called Strike 2-2: Strikes out swinging
|
Batting: RHB Yasuzo Rin
|
0-0: Ground out 4-3 (Groundball, 4, EV 102.5 MPH)
|
Batting: RHB Oscar Avila
|
0-0: Called Strike 0-1: SOLO HOME RUN (Line Drive, 9D, EV 103.8 MPH), Distance : 393 ft
|
Batting: RHB Ricardo Mariscal
|
0-0: Called Strike 0-1: Foul Ball, location: 2F 0-2: Ball 1-2: Strikes out looking and he ARGUES THE CALL AND IS TOSSED!
|
Top of the 3rd over - 1 run, 1 hit, 0 errors, 0 left on base; Vermont 1 - Lowell 3 |
BOTTOM OF THE 3RD |
Lowell Spinners batting - Pitching for Vermont Lake Monsters : RHP Aaron Vallejo
|
Now in RF: Oscar Rodriguez
|
|
Batting: RHB Guillermo Quintero
|
0-0: Ball 1-0: Foul Ball, location: 2F 1-1: DOUBLE (Line Drive, 9LD, EV 100.6 MPH)
|
Pitching: RHP Kevin Endsley
|
|
Batting: LHB Noel Young
|
0-0: Called Strike 0-1: Ball 1-1: Called Strike 1-2: Ball 2-2: Fly out, F7 (Flyball, 78M, EV 80.0 MPH)
|
Batting: RHB Joel Vazquez
|
0-0: Ball Wild Pitch! Guillermo Quintero to third 1-0: Ball 2-0: Called Strike 2-1: Called Strike 2-2: Ball 3-2: Foul Ball, location: 2F 3-2: Strikes out looking
|
Batting: RHB Tommy Boudreaux
|
0-0: Foul Ball, location: 2F 0-1: Ground out 3-1 (Groundball, 34S, EV 77.5 MPH)
|
Bottom of the 3rd over - 0 runs, 1 hit, 0 errors, 1 left on base; Vermont 1 - Lowell 3 |
TOP OF THE 4TH |
Vermont Lake Monsters batting - Pitching for Lowell Spinners : RHP Frank Picaso
|
Batting: RHB Carlos Martinez
|
0-0: Called Strike 0-1: Ball 1-1: Foul Ball, location: 2F 1-2: Ball 2-2: Strikes out looking
|
Batting: LHB Henry Hutson
|
0-0: Ball 1-0: Foul Ball, location: 2F 1-1: Foul Ball, location: 2F 1-2: Strikes out swinging
|
Batting: LHB Cy Ostrowski
|
0-0: Ball 1-0: Called Strike 1-1: Foul Ball, location: 2F 1-2: Ground out 4-3 (Groundball, 4, EV 86.2 MPH)
|
Top of the 4th over - 0 runs, 0 hits, 0 errors, 0 left on base; Vermont 1 - Lowell 3 |
BOTTOM OF THE 4TH |
Lowell Spinners batting - Pitching for Vermont Lake Monsters : RHP Kevin Endsley
|
Batting: RHB Josh Helman
|
0-0: Ball 1-0: Called Strike 1-1: Called Strike 1-2: Ball 2-2: Strikes out looking
|
Batting: RHB Bobby Schimke
|
0-0: Called Strike 0-1: Ball 1-1: Ball 2-1: Ground out 4-3 (Groundball, 34, EV 97.5 MPH)
|
Batting: LHB Nelis Geurts
|
0-0: Called Strike 0-1: Swinging Strike 0-2: Ball 1-2: Ball 2-2: Ball 3-2: Base on Balls
|
Batting: RHB Jose Conde
|
0-0: Called Strike Nelis Geurts steals 2nd base 0-1: Foul Ball, location: 2F 0-2: Ball 1-2: Ball 2-2: Ground out 6-3 (Groundball, 6, EV 85.6 MPH)
|
Bottom of the 4th over - 0 runs, 0 hits, 0 errors, 1 left on base; Vermont 1 - Lowell 3 |
TOP OF THE 5TH |
Vermont Lake Monsters batting - Pitching for Lowell Spinners : RHP Frank Picaso
|
Batting: LHB Jose Zamarripa
|
0-0: Ground out 4-3 (Groundball, 4M, EV 105.6 MPH)
|
Batting: LHB Youp van Erp
|
0-0: Called Strike 0-1: Foul Ball, location: 2F 0-2: Ball 1-2: Ball 2-2: Foul Ball, location: 2F 2-2: Strikes out swinging
|
Batting: LHB Mario Cardona
|
0-0: Ground out 6-3 (Groundball, 6S, EV 83.1 MPH)
|
Top of the 5th over - 0 runs, 0 hits, 0 errors, 0 left on base; Vermont 1 - Lowell 3 |
BOTTOM OF THE 5TH |
Lowell Spinners batting - Pitching for Vermont Lake Monsters : RHP Kevin Endsley
|
Batting: LHB Jarrett Mordecai
|
0-0: Foul Ball, location: 2F 0-1: Foul Ball, location: 2F 0-2: Strikes out swinging
|
Batting: RHB Guillermo Quintero
|
0-0: Ball 1-0: Ball 2-0: Called Strike 2-1: Foul Ball, location: 2F 2-2: Strikes out swinging
|
Batting: LHB Noel Young
|
0-0: Called Strike 0-1: Foul Ball, location: 2F 0-2: Strikes out swinging
|
Bottom of the 5th over - 0 runs, 0 hits, 0 errors, 0 left on base; Vermont 1 - Lowell 3 |
TOP OF THE 6TH |
Vermont Lake Monsters batting - Pitching for Lowell Spinners : RHP Frank Picaso
|
Batting: RHB Yasuzo Rin
|
0-0: Swinging Strike 0-1: Ground out 4-3 (Groundball, 4S, EV 89.4 MPH)
|
Batting: RHB Oscar Avila
|
0-0: Called Strike 0-1: Foul Ball, location: 2F 0-2: Strikes out swinging
|
Batting: LHB Oscar Rodriguez
|
0-0: Foul Ball, location: 2F 0-1: Ball 1-1: Called Strike 1-2: Ball 2-2: Foul Ball, location: 2F 2-2: Strikes out swinging
|
Top of the 6th over - 0 runs, 0 hits, 0 errors, 0 left on base; Vermont 1 - Lowell 3 |
BOTTOM OF THE 6TH |
Lowell Spinners batting - Pitching for Vermont Lake Monsters : RHP Kevin Endsley
|
Batting: RHB Joel Vazquez
|
0-0: Called Strike 0-1: Swinging Strike 0-2: Foul Ball, location: 2F 0-2: Ball 1-2: Ball 2-2: Strikes out looking
|
Batting: RHB Tommy Boudreaux
|
0-0: Fly out, F8 (Flyball, 8LD, EV 82.5 MPH)
|
Batting: RHB Josh Helman
|
0-0: Ball 1-0: Foul Ball, location: 2F 1-1: Foul Ball, location: 2F 1-2: Ball 2-2: Strikes out swinging
|
Bottom of the 6th over - 0 runs, 0 hits, 0 errors, 0 left on base; Vermont 1 - Lowell 3 |
TOP OF THE 7TH |
Vermont Lake Monsters batting - Pitching for Lowell Spinners : RHP Frank Picaso
|
Batting: RHB Carlos Martinez
|
0-0: Ground out 4-3 (Groundball, 4, EV 87.5 MPH)
|
Batting: LHB Henry Hutson
|
0-0: Foul Ball, location: 2F 0-1: Ball 1-1: Called Strike 1-2: Ball 2-2: Strikes out swinging
|
Batting: LHB Cy Ostrowski
|
0-0: Ball 1-0: Called Strike 1-1: Ball 2-1: Foul Ball, location: 2F 2-2: Foul Ball, location: 2F 2-2: Ground out 4-3 (Groundball, 4, EV 80.0 MPH)
|
Top of the 7th over - 0 runs, 0 hits, 0 errors, 0 left on base; Vermont 1 - Lowell 3 |
BOTTOM OF THE 7TH |
Lowell Spinners batting - Pitching for Vermont Lake Monsters : RHP Kevin Endsley
|
Pitching: LHP Bobby Carroll
|
|
Batting: RHB Bobby Schimke
|
0-0: Called Strike 0-1: Called Strike 0-2: Ball 1-2: Fly out, F7 (Flyball, 7LD, EV 104.4 MPH)
|
Batting: LHB Nelis Geurts
|
0-0: Foul Ball, location: 2F 0-1: SOLO HOME RUN (Flyball, 78XD, EV 105.6 MPH), Distance : 394 ft
|
Batting: RHB Jose Conde
|
0-0: Called Strike 0-1: Called Strike 0-2: Ball 1-2: Ball 2-2: Ball 3-2: Base on Balls
|
Batting: LHB Jarrett Mordecai
|
0-0: Called Strike 0-1: Ball 1-1: Called Strike Jose Conde steals 2nd base 1-2: Strikes out swinging
|
Batting: RHB Guillermo Quintero
|
0-0: Ball 1-0: Called Strike 1-1: Ball 2-1: Ball 3-1: Base on Balls
|
Batting: LHB Noel Young
|
0-0: Foul Ball, location: 2F 0-1: Ball 1-1: Ball 2-1: Foul Ball, location: 2F 2-2: Strikes out swinging
|
Bottom of the 7th over - 1 run, 1 hit, 0 errors, 2 left on base; Vermont 1 - Lowell 4 |
TOP OF THE 8TH |
Vermont Lake Monsters batting - Pitching for Lowell Spinners : RHP Frank Picaso
|
Batting: LHB Jose Zamarripa
|
0-0: Ball 1-0: Ball 2-0: Swinging Strike 2-1: Called Strike 2-2: Foul Ball, location: 2F 2-2: Foul Ball, location: 2F 2-2: Ground out U3 (Groundball, 3, EV 86.2 MPH)
|
Batting: LHB Youp van Erp
|
0-0: Ball 1-0: DOUBLE (Line Drive, 9LM, EV 100.0 MPH)
|
Batting: LHB Mario Cardona
|
0-0: Foul Ball, location: 2F 0-1: Ground out 6-3 (Groundball, 6, EV 83.1 MPH)
|
Pinch Hitting: RHB Luis Restrepo
|
0-0: Called Strike 0-1: Fly out, F9 (Line Drive, 9, EV 90.6 MPH)
|
Top of the 8th over - 0 runs, 1 hit, 0 errors, 1 left on base; Vermont 1 - Lowell 4 |
BOTTOM OF THE 8TH |
Lowell Spinners batting - Pitching for Vermont Lake Monsters : LHP Bobby Carroll
|
Pitching: RHP David Mejia
|
|
Now at 3B: Luis Restrepo
|
|
Batting: RHB Joel Vazquez
|
0-0: Ball 1-0: Ball 2-0: DOUBLE (Line Drive, 7LM, EV 105.0 MPH)
|
Batting: RHB Tommy Boudreaux
|
0-0: Ball 1-0: Ball 2-0: Foul Ball, location: 2F 2-1: Foul Ball, location: 2F 2-2: Foul Ball, location: 2F 2-2: Strikes out swinging
|
Batting: RHB Josh Helman
|
0-0: Foul Ball, location: 2F 0-1: Swinging Strike 0-2: Ball Wild Pitch! Joel Vazquez to third 1-2: Ball 2-2: Strikes out swinging, 2-3 out at first.
|
Batting: RHB Bobby Schimke
|
0-0: Ball 1-0: Swinging Strike 1-1: Ball 2-1: Foul Ball, location: 2F 2-2: Strikes out swinging
|
Bottom of the 8th over - 0 runs, 1 hit, 0 errors, 1 left on base; Vermont 1 - Lowell 4 |
TOP OF THE 9TH |
Vermont Lake Monsters batting - Pitching for Lowell Spinners : RHP Frank Picaso
|
Pitching: RHP Jim Whiteman
|
|
Batting: RHB Oscar Avila
|
0-0: Called Strike 0-1: Ball 1-1: Ball 2-1: Foul Ball, location: 2F 2-2: Foul Ball, location: 2F 2-2: Ball 3-2: Foul Ball, location: 2F 3-2: Foul Ball, location: 2F 3-2: Ground out 5-3 (Groundball, 56, EV 86.2 MPH)
|
Batting: LHB Oscar Rodriguez
|
0-0: Ball 1-0: Ball 2-0: Swinging Strike 2-1: Ball 3-1: Foul Ball, location: 2F 3-2: Base on Balls
|
Batting: RHB Carlos Martinez
|
0-0: Called Strike 0-1: Ball 1-1: Foul Ball, location: 2F Balk! Oscar Rodriguez to second 1-2: Ground out 4-3 (Groundball, 34, EV 76.2 MPH) Oscar Rodriguez to third
|
Pitching: RHP Kasper Larkin
|
|
Batting: LHB Henry Hutson
|
0-0: Ball 1-0: Called Strike 1-1: Ground out 4-3 (Groundball, 34, EV 90.6 MPH)
|
Top of the 9th over - 0 runs, 0 hits, 0 errors, 1 left on base; Vermont 1 - Lowell 4 |
|